 Dungeon Crawl Stone Soup version 0.31-a0-1598-g94871bc2e8 (webtiles) character file.

Game seed: 16829814583365728706

3301 kae the Sneak (level 9, -8/65 (66) HPs)
             Began as a Demonspawn Enchanter on Jan 7, 2024.
             Was a Believer of Dithmenos.
             Mangled by an ice beast (12 damage)
             ... on level 8 of the Dungeon.
             The game lasted 00:09:02 (5993 turns).

kae the Sneak (Demonspawn Enchanter)                Turns: 5993, Time: 00:09:02

HP:   -8/65 (66)    AC:  7    Str:  9    XL:     9   Next: 70%
MP:   5/16          EV: 13    Int: 16    God:    Dithmenos [**....]
Gold: 236           SH:  0    Dex: 36    Spells: 6/17 levels left

rFire   . . .        a - +2 dagger
rCold   . . .        (no shield)
rNeg    . . .        b - +0 robe
rPois   .            (helmet restricted)
rElec   .            (no cloak)
rCorr   .            (no gloves)
SInv    +            y - +2 pair of boots
Will    .....        n - amulet "Caydghuf" {^Fragile Regen+ Dex+7 SInv}
Stlth   ++++++       D - +6 ring of dexterity
HPRegen 1.10/turn    d - +6 ring of dexterity
MPRegen 0.15/turn

%: no passive effects
@: wreathed by umbra, lightly drained
A: antennae 1, icy blue scales 1, demonic guardian 3, ignite blood 1
a: Renounce Religion, Shadow Step


You were on level 8 of the Dungeon.
You worshipped Dithmenos.
Dithmenos was pleased with you.
You visited 1 branch of the dungeon, and saw 8 of its levels.

You collected 464 gold pieces.
You spent 228 gold pieces at shops.


Innate Abilities, Weirdness & Mutations

You have a pair of small antennae on your head.
You are partially covered in icy blue scales. (AC +2)
A powerful demonic guardian rushes to your aid.
Your demonic aura sometimes causes spilled blood to erupt in flames.


   Skills:
 + Level 4.7 Fighting
 * Level 6.4 Short Blades
 - Level 1.7 Dodging
 * Level 7.5 Stealth
 + Level 4.9 Spellcasting
 + Level 5.7 Hexes
 + Level 5.4 Invocations


You had 6 spell levels left.
You knew the following spells:

 Your Spells              Type           Power      Damage    Failure   Level
a - Ensorcelled Hibernat  Hex/Ice        26%        N/A       7%          2
b - Confusing Touch       Hex            22%        N/A       4%          3
c - Tukima's Dance        Hex            22%        N/A       4%          3
d - Dazzling Flash        Conj/Hex       26%        N/A       14%         3

Your spell library contained the following spells:

 Spells                   Type           Power      Damage    Failure   Level
 Slow                     Hex            88%        N/A       1%          1
 Sigil of Binding         Hex            22%        N/A       4%          3
 Shock                    Conj/Air       12%        1d3       16%         1
 Lesser Beckoning         Tloc           6%         N/A       24%         2
 Mercury Vapours          Alch/Air       6%         N/A       24%         2
 Call Canine Familiar     Summ           3%         N/A       43%         3
 Frozen Ramparts          Ice            6%         1d1       43%         3
 Gell's Gravitas          Tloc           3%         N/A       43%         3
 Mephitic Cloud           Conj/Alch/Air  3%         N/A       43%         3
 Swiftness                Air            3%         N/A       43%         3
 Teleport Other           Tloc           3%         N/A       43%         3
 Vampiric Draining        Necr           3%         2d6       43%         3
 Dimensional Bullseye     Hex/Tloc       6%         N/A       43%         4
 Metabolic Englaciation   Hex/Ice        6%         N/A       78%         5
 Airstrike                Air            1%         2d(1-17)  83%         4
 Leda's Liquefaction      Alch/Erth      1%         N/A       83%         4
 Petrify                  Alch/Erth      3%         N/A       83%         4
 Freezing Cloud           Conj/Ice/Air   1%         6-21      99%         5

Inventory:

Hand Weapons
 a - a +2 dagger (weapon)
Missiles
 k - 51 stones
 o - 5 curare-tipped darts {=f}
 s - 3 poisoned darts
 v - 5 boomerangs
 w - a throwing net {=f!f}
Armour
 b - a +0 robe (worn)
 y - a +2 pair of boots (worn)
   (You found it on level 6 of the Dungeon)
Jewellery
 d - a +6 ring of dexterity (right hand)
   (You found it on level 2 of the Dungeon)
 g - an amulet of regeneration
   (You found it on level 3 of the Dungeon)
 i - a +6 ring of intelligence
   (You took it off a wight on level 6 of the Dungeon)
 n - the amulet "Caydghuf" (around neck) {^Fragile Regen+ Dex+7 SInv}
   (You found it on level 3 of the Dungeon)

   [amulet of regeneration]

   Dex+7:     It affects your dexterity (+7).
   SInv:      It lets you see invisible.
   Regen+:    It increases your rate of health regeneration.
   ^Fragile:  It will be destroyed if unequipped.
 D - a +6 ring of dexterity (left hand)
   (You found it on level 1 of the Dungeon)
 I - a +6 ring of intelligence
   (You found it on level 3 of the Dungeon)
 P - a ring of poison resistance
   (You found it on level 1 of the Dungeon)
 S - a +6 ring of strength
   (You found it on level 2 of the Dungeon)
 T - an amulet of faith {!P}
   (You took it off a gnoll on level 7 of the Dungeon)
Scrolls
 j - a scroll of immolation {!r!r}
 l - a scroll of fog
 p - a scroll of poison {!r}
 q - 2 scrolls of teleportation {@r4}
 u - a scroll of blinking {!r}
 x - a scroll of enchant armour
 A - a scroll of brand weapon {unknown}
Potions
 c - 2 potions of invisibility
 e - 4 potions of heal wounds {unknown}
 f - 3 potions of curing {@q1}
 h - 3 potions of magic
 m - 2 potions of lignification {!q}
 r - a potion of mutation {!q}
 t - 2 potions of brilliance {unknown}
 z - a potion of attraction {!q}

Dungeon Overview and Level Annotations

Branches:
Dungeon (8/15) Zot: 26945  Temple (0/1) D:6
   Lair: D:8-11

Altars:
Dithmenos

Shops:
D:5

([? # #..# #...
...#####.!.### ##
.......#..#..# ....
..........#.<##....
...z......3.)...........#
.........#Y@).........$..
...(.....#.3...$........
#...........##.........
#~#......~...##.....# #
#.........#.)......# .
#..)................# .###
./...##.............###...##
..............~...#.#.......
..#............>..#....#


You could see an ice beast (ally target), a friendly sun demon (summoned) and a
friendly sixfirhy (summoned).


Message History

You take 3 damage, and now have 55/66 hp.
You hit the gnoll.
The gnoll bouda is no longer blind.
The ice beast hits you but does no damage.
The gnoll misses you.
The gnoll bouda gazes fiercely through you!
You feel your attacks grow feeble.
The gnoll bouda hits you but does no damage. 😕 HP[+1]
You catch the helpless gnoll completely off-guard!
You impale the gnoll!!
You kill the gnoll!
Dithmenos accepts your kill.
You barely miss the gnoll bouda. The ice beast completely misses you.
The gnoll bouda closely misses you.
The wight is engulfed in blazing flames. 😕 HP[+1]
Casting: Dazzling Flash (dangerous; 14% risk of failure)
Confirm with . or Enter, or press ? or * to list all spells.
Aiming: Ensorcelled Hibernation (safe; 8% risk of failure)
Press: ? - help, Shift-Dir - straight line, f - gnoll bouda
Aim: a gnoll bouda, wielding a +0 whip and wearing a +0 leather armour (umbra, chance to affect: 47%)
The gnoll bouda resists with some effort.
The ice beast hits you but does no damage.
The wight hits you with a +4 flail.
The gnoll bouda hits you with a +0 whip. 😕 HP[-4] MP[-2]
You take 4 damage, and now have 53/66 hp.
You lost 2 mp, and now have 9/16 mp.
You hit the gnoll bouda.
Your sixfirhy is no longer blind.
Your sixfirhy barely misses the gnoll bouda.
Your sixfirhy closely misses the gnoll bouda.
The ice beast hits you. The ice beast freezes you! 😮 HP[-8]
You take 8 damage, and now have 45/66 hp.
Casting: Ensorcelled Hibernation (safe; 8% risk of failure)
Confirm with . or Enter, or press ? or * to list all spells.
Aiming: Ensorcelled Hibernation (safe; 8% risk of failure)
Press: ? - help, Shift-Dir - straight line, f/p - gnoll bouda
Aim: a gnoll bouda, wielding a +0 whip and wearing a +0 leather armour (lightly wounded, ally target, umbra, chance to affect: 47%)
The gnoll bouda resists with some effort.
Your attacks no longer feel as feeble.
Your sixfirhy barely misses the gnoll bouda.
Your sixfirhy hits the gnoll bouda.
Your sixfirhy shocks the gnoll bouda!
Your sixfirhy hits the gnoll bouda.
Your sixfirhy shocks the gnoll bouda!
The gnoll bouda dies!
Dithmenos accepts your kill. The wight barely misses you.
The ice beast hits you. The ice beast freezes you!
* * * LOW HITPOINT WARNING * * *
😨 HP[-12] MP[-2]
You take 12 damage, and now have 33/66 hp.
You lost 2 mp, and now have 7/16 mp.
You swap places.
Your sixfirhy closely misses the wight.
The wight completely misses you.
The ice beast hits you but does no damage.
Things that are here:
a +0 whip; a +0 leather armour; a +0 flail 😮 HP[+1]
Casting: Ensorcelled Hibernation (safe; 8% risk of failure)
Confirm with . or Enter, or press ? or * to list all spells.
Your hands begin to glow red.
The wight hits you with a +4 flail!
* * * LOW HITPOINT WARNING * * *
You feel drained.
* * * LOW HITPOINT WARNING * * *
The ice beast completely misses you.
Your sixfirhy barely misses the wight.
The wight hits you but does no damage.
Your sixfirhy closely misses the wight.
The ice beast hits you.
* * * LOW HITPOINT WARNING * * *
The ice beast freezes you!
* * * LOW HITPOINT WARNING * * *
A demonic guardian appears! 😱 HP[-24] MP[-2]
You now have 64 max hp (-2).
You take 24 damage, and now have 10/64 hp.
MASSIVE DAMAGE!! (PAUSE)
You lost 2 mp, and now have 5/16 mp.
You hit the wight but do no damage.
The wight appears confused.
Your sixfirhy hits the wight but does no damage.
Your sixfirhy barely misses the wight.
Your sixfirhy hits the wight but does no damage. 😱 HP[+1] Unknown command.
You catch the helpless wight completely off-guard!
You skewer the wight like a kebab!!!
You destroy the wight!
Dithmenos accepts your kill.
Your sixfirhy hits the ice beast!
Your sixfirhy shocks the ice beast!
Your sixfirhy barely misses the ice beast.
The ice beast hits you.
* * * LOW HITPOINT WARNING * * *
The ice beast freezes you.
* * * LOW HITPOINT WARNING * * *
😱 HP[-6]
You now have 65 max hp (+1).
You take 6 damage, and now have 5/65 hp.
Unknown command.
You closely miss the ice beast. The ice beast hits you.
* * * LOW HITPOINT WARNING * * *
The ice beast freezes you!
You die...

Skill      XL: |  1  2  3  4  5  6  7  8  9 |
---------------+----------------------------+-----
Short Blades   | 1 2 3 4 5 6 |  6.4
Stealth        | 3 4 5 6 7 |  7.5
Fighting       | 1 2 3 4 |  4.7
Invocations    | 1 2 4 5 |  5.4
Spellcasting   | 3 4 |  4.9
Hexes          | 4 5 |  5.7
Dodging        | |  1.7

Action                     |  1- 3 |  4- 6 |  7- 9 || total
---------------------------+-------+-------+-------++-------
  Melee: Dagger            |    76 |   168 |   256 ||   500
         Punch             |     1 |     1 |     9 ||    11
   Cast: Ensorcelled Hiber |     2 |    11 |    17 ||    30
         Confusing Touch   |       |     2 |    14 ||    16
         Dazzling Flash    |       |       |     2 ||     2
    Use: Scroll            |     4 |     6 |     4 ||    14
         Potion            |       |     2 |       ||     2
   Stab: Sleeping          |     4 |    14 |    21 ||    39
         Confused          |       |     2 |    12 ||    14
         Distracted        |       |       |     3 ||     3
         Invisible         |       |       |     2 ||     2
 Armour: Robe              |    37 |    73 |   138 ||   248
  Dodge: Dodged            |    56 |    81 |   187 ||   324

Levels and vault maps discovered:
D:1:      dpeg_arrival_signposts, layout_loops_ring,
          ebering_ecumenical_altar_box
D:2:      layout_loops_cross, minmay_ruptured, uniq_terence, uniq_jessica,
          uniq_natasha
D:3:      layout_basic, serial_bayou, serial_bayou_lagoon_b,
          serial_bayou_shore_b, serial_bayou_lagoon_a, serial_bayou_lake_a,
          minmay_misc_feat_four_crosses, minmay_fountain_box
D:4:      layout_basic, mainiacjoe_overflow_catwalk, kennysheep_orc_chapel
D:5:      layout_loops_corners, serial_shops, nicolae_shop_waterfront, shop,
          nicolae_shop_tiny_real_fake_doors, feat_on_display
D:6:      layout_rooms, minmay_temple_entry_statues_fountains, uniq_jeremiah,
          uniq_grinder, uniq_edmund
D:7:      layout_rooms
D:8:      layout_cave_pools, chequers_temple_overflow_statue_of_worship,
          hellmonk_lair_entry_icy, serial_shops, kennysheep_little_box,
          grunt_potential, uniq_maurice

Notes
Turn   | Place    | Note
-------+----------+-------------------------------------------
     0 | D:1      | kae the Demonspawn Enchanter began the quest for the Orb.
     0 | D:1      | Reached XP level 1. HP: 13/13 MP: 3/3
     0 | D:1      | magus.rc [v1.11.3]
   109 | D:1      | Reached skill level 1 in Short Blades
   150 | D:1      | You pick up a book of Debilitation and begin reading...
   150 | D:1      | You add the spells Slow, Sigil of Binding and Vampiric
                  | Draining to your library.
   203 | D:1      | Gained mutation: A weak demonic guardian rushes to your
                  | aid. [demonic ancestry]
   203 | D:1      | Reached XP level 2. HP: 17/20 MP: 5/5
   428 | D:1      | You fall into a shaft and drop 1 floor!
   432 | D:2      | Noticed Jessica
   446 | D:2      | Killed Jessica
   447 | D:2      | Reached skill level 3 in Stealth
   447 | D:2      | Gained mutation: A demonic guardian rushes to your aid.
                  | [demonic ancestry]
   447 | D:2      | Reached XP level 3. HP: 15/25 MP: 6/6
   531 | D:2      | Reached skill level 1 in Fighting
   538 | D:2      | Learned a level 2 spell: Ensorcelled Hibernation
   542 | D:2      | Learned a level 3 spell: Confusing Touch
   609 | D:1      | Found a faded altar of an unknown god.
  1084 | D:2      | Noticed Terence
  1120 | D:2      | Killed Terence
  1121 | D:2      | Reached skill level 2 in Short Blades
  1121 | D:2      | Gained mutation: You have a pair of small antennae on your
                  | head. [demonic ancestry]
  1121 | D:2      | Reached XP level 4. HP: 28/32 MP: 4/7
  1370 | D:2      | Noticed Natasha
  1379 | D:2      | Killed Natasha
  1689 | D:2      | magus.rc [v1.11.3]
  1811 | D:3      | Gained mutation: Your demonic aura sometimes causes spilled
                  | blood to erupt in flames. [demonic ancestry]
  1811 | D:3      | Reached XP level 5. HP: 37/37 MP: 5/8
  2018 | D:3      | Learned a level 3 spell: Tukima's Dance
  2304 | D:3      | Identified the amulet "Caydghuf" {^Fragile Regen+ Dex+7
                  | SInv}
  2762 | D:4      | Reached skill level 4 in Stealth
  2924 | D:4      | You pick up a book of Air and begin reading...
  2924 | D:4      | You add the spells Shock, Swiftness and Airstrike to your
                  | library.
  3084 | D:4      | Found a shadowy altar of Dithmenos.
  3158 | D:4      | You pick up a book of the Hunter and begin reading...
  3158 | D:4      | You add the spells Call Canine Familiar and Dimensional
                  | Bullseye to your library.
  3300 | D:4      | Became a worshipper of Dithmenos the Shadowed
  3310 | D:5      | Entered Level 5 of the Dungeon
  3407 | D:5      | Noticed a phantom
  3428 | D:5      | Killed a phantom
  3429 | D:5      | Reached skill level 2 in Fighting
  3429 | D:5      | Reached XP level 6. HP: 39/44 MP: 7/10
  3495 | D:5      | You pick up a book of Displacement and begin reading...
  3495 | D:5      | You add the spells Lesser Beckoning, Gell's Gravitas and
                  | Teleport Other to your library.
  3560 | D:5      | Reached skill level 3 in Short Blades
  3652 | D:5      | Found Kimoss's Armour Shop.
  3729 | D:5      | Found Poskioj's Magic Scroll Boutique.
  3737 | D:5      | Bought a scroll of identify for 24 gold pieces
  3737 | D:5      | Bought a scroll of blinking for 90 gold pieces
  3737 | D:5      | Bought a scroll of enchant armour for 90 gold pieces
  3737 | D:5      | Bought a scroll of identify for 24 gold pieces
  3742 | D:5      | Found Wojyuvvih's Antique Weapon Emporium.
  3819 | D:5      | HP: 4/44 [gnoll/+0 whip[a gnoll bouda] (8)]
  3826 | D:5      | Reached skill level 1 in Invocations
  3834 | D:5      | Reached skill level 3 in Spellcasting
  3834 | D:5      | Reached skill level 4 in Hexes
  3932 | D:5      | You pick up a book of Sloth and begin reading...
  3932 | D:5      | You add the spells Frozen Ramparts, Leda's Liquefaction,
                  | Petrify and Metabolic Englaciation to your library.
  3961 | D:5      | Reached XP level 7. HP: 51/51 MP: 8/11
  4374 | D:5      | Reached skill level 2 in Invocations
  4414 | D:6      | Reached skill level 5 in Stealth
  4527 | D:6      | Found a staircase to the Ecumenical Temple.
  4576 | D:6      | You pick up a book of Vapours and begin reading...
  4576 | D:6      | You add the spells Mercury Vapours, Mephitic Cloud and
                  | Freezing Cloud to your library.
  4605 | D:6      | Reached skill level 4 in Short Blades
  4678 | D:6      | Reached skill level 3 in Fighting
  4804 | D:6      | Gained mutation: You are partially covered in icy blue
                  | scales. (AC +2) [demonic ancestry]
  4804 | D:6      | Reached XP level 8. HP: 58/58 MP: 10/13
  4888 | D:6      | Reached skill level 3 in Invocations
  4916 | D:6      | Noticed Grinder
  4940 | D:6      | Killed Grinder
  4944 | D:6      | Reached skill level 6 in Stealth
  4999 | D:6      | Noticed Edmund
  5002 | D:6      | Killed Edmund
  5002 | D:6      | Reached * piety under Dithmenos
  5003 | D:6      | Reached skill level 4 in Spellcasting
  5042 | D:6      | Reached skill level 5 in Short Blades
  5060 | D:6      | Noticed Jeremiah
  5063 | D:6      | Killed Jeremiah
  5064 | D:6      | Reached skill level 5 in Hexes
  5064 | D:6      | Reached skill level 4 in Invocations
  5153 | D:6      | Reached skill level 4 in Fighting
  5153 | D:6      | Gained mutation: A powerful demonic guardian rushes to your
                  | aid. [demonic ancestry]
  5153 | D:6      | Reached XP level 9. HP: 65/65 MP: 15/15
  5236 | D:6      | Learned a level 3 spell: Dazzling Flash
  5481 | D:6      | Reached skill level 7 in Stealth
  5489 | D:7      | HP: 14/59 [wight/+3 trident (5)]
  5547 | D:7      | Reached skill level 5 in Invocations
  5553 | D:7      | Reached skill level 6 in Short Blades
  5975 | D:8      | Reached ** piety under Dithmenos
  5990 | D:8      | HP: 10/64 [ice beast (7)]
  5993 | D:8      | HP: 4/65 [ice beast (2)]
  5993 | D:8      | Mangled by an ice beast

Vanquished Creatures
  Jeremiah (D:6)
  Grinder (D:6)
  A water moccasin (D:7)
  Edmund (D:6)
  2 ice beasts
  A black bear (D:5)
  An orc warrior (D:7)
  3 sky beasts
  A centaur (D:7)
  3 phantoms
  3 bullfrogs
  2 scorpions
  10 wights
  2 bombardier beetles
  2 hounds
  2 orc priests
  Jessica (D:2)
  2 gnoll boudas
  5 iguanas (D:6)
  2 orc wizards
  Natasha (D:2)
  5 adders
  8 gnolls
  4 ufetubi
  3 dart slugs
  A ribbon worm (D:2)
  14 orcs
  5 ball pythons
  2 bats
  9 endoplasms
  3 giant cockroaches (D:1)
  4 goblins
  6 hobgoblins
  3 jackals (D:2)
  2 kobolds
  2 quokkas
  3 rats
121 creatures vanquished.

Vanquished Creatures (collateral kills)
  A scorpion (D:5)
  A gnoll bouda (D:8)
  Terence (D:2)
  3 gnolls
  2 ufetubi (D:5)
  An endoplasm (D:2)
  A giant cockroach (D:2)
  A frilled lizard (D:2)
  2 goblins
  A rat (D:2)
14 creatures vanquished.

Grand Total: 135 creatures vanquished

Table legend:
 A = Non-vault XP
 B = Vault XP
 C = Vault XP percentage of total XP
 D = Non-vault monster count
 E = Vault monster count
 F = Vault count percentage of total count
                 A         B        C        D         E       F
            +---------+---------+-------+---------+---------+-------
      Total |    3615 |    1102 |  23.4 |     120 |      15 |  11.1
            +---------+---------+-------+---------+---------+-------
        D:1 |      21 |       0 |   0.0 |      11 |       0 |   0.0
        D:2 |      40 |     114 |  74.0 |      20 |       6 |  23.1
        D:3 |      78 |       0 |   0.0 |       8 |       0 |   0.0
        D:4 |      38 |      53 |  58.2 |      12 |       5 |  29.4
        D:5 |     586 |       0 |   0.0 |      16 |       0 |   0.0
        D:6 |    1288 |     803 |  38.4 |      23 |       3 |  11.5
        D:7 |    1393 |       0 |   0.0 |      24 |       0 |   0.0
        D:8 |     171 |     132 |  43.6 |       6 |       1 |  14.3
            +---------+---------+-------+---------+---------+-------

Skill      XL: |  1  2  3  4  5  6  7  8  9 |
---------------+----------------------------+-----
Short Blades   | 1 2 3 4 5 6 |  6.4
Stealth        | 3 4 5 6 7 |  7.5
Fighting       | 1 2 3 4 |  4.7
Invocations    | 1 2 4 5 |  5.4
Spellcasting   | 3 4 |  4.9
Hexes          | 4 5 |  5.7
Dodging        | |  1.7

Action                     |  1- 3 |  4- 6 |  7- 9 || total
---------------------------+-------+-------+-------++-------
  Melee: Dagger            |    76 |   168 |   256 ||   500
         Punch             |     1 |     1 |     9 ||    11
   Cast: Ensorcelled Hiber |     2 |    11 |    17 ||    30
         Confusing Touch   |       |     2 |    14 ||    16
         Dazzling Flash    |       |       |     2 ||     2
    Use: Scroll            |     4 |     6 |     4 ||    14
         Potion            |       |     2 |       ||     2
   Stab: Sleeping          |     4 |    14 |    21 ||    39
         Confused          |       |     2 |    12 ||    14
         Distracted        |       |       |     3 ||     3
         Invisible         |       |       |     2 ||     2
 Armour: Robe              |    37 |    73 |   138 ||   248
  Dodge: Dodged            |    56 |    81 |   187 ||   324

Illustrated notes

Table legend:
 A = Kills in this place as a percentage of kills in the entire game.
 B = Kills by you in this place as a percentage of kills by you in the entire game.
 C = Kills by friends in this place as a percentage of kills by friends in the entire game.
 D = Other kills in this place as a percentage of other kills in the entire game.
 E = Experience gained in this place as a percentage of experience gained in the entire game.
 F = Experience gained in this place divided by the number of levels of this place that you have seen.
                   A       B       C       D       E      F
               +-------+-------+-------+-------+-------+----------------------
         Total | 100.0 | 100.0 | 100.0 |   N/A | 100.0 | 589.6
       Dungeon | 100.0 | 100.0 | 100.0 |   N/A | 100.0 | 589.6
               +-------+-------+-------+-------+-------+----------------------

Table legend: (Time is in decaauts)
 A = Elapsed time spent in this place.
 B = Non-inter-level travel time spent in this place.
 C = Inter-level travel time spent in this place.
 D = Time resting spent in this place.
 E = Time spent auto-exploring this place.
 F = Levels seen in this place.
 G = Mean time per level.
                   A        B        C        D        E       F      G
               +--------+--------+--------+--------+--------+-----+--------+
         Total |   5943 |   5783 |    160 |    202 |   4402 |   8 |  742.9 |
       Dungeon |   5943 |   5783 |    160 |    202 |   4402 |   8 |  742.9 |
               +--------+--------+--------+--------+--------+-----+--------+

Top non-repeatable levels by time:
     D:5: 1080 daAuts
     D:2: 964 daAuts
     D:3: 933 daAuts
     D:6: 915 daAuts
     D:1: 832 daAuts
     D:4: 602 daAuts
     D:7: 560 daAuts
     D:8: 54 daAuts
